 Dungeon Crawl Stone Soup version 0.28.0-45-g0d030f2227 (webtiles) character file.

Game seed: 14885207050515003362

97 rageheart7 the Cutter (level 4, -4/24 HPs)
             Began as a Spriggan Abyssal Knight on Apr 17, 2022.
             Was a Believer of Lugonu.
             Slain by a hobgoblin (7 damage)
             ... led by Robin
             ... on level 3 of the Dungeon.
             The game lasted 00:03:57 (3756 turns).

rageheart7 the Cutter (Spriggan Abyssal Knight)     Turns: 3756, Time: 00:03:57

Health: -4/24      AC:  2    Str:  9    XL:     4   Next: 42%
Magic:  6/6        EV: 18    Int: 11    God:    Lugonu [**....]
Gold:   89         SH:  0    Dex: 17    Spells: 3/3 levels left

rFire   . . .      SeeInvis +   d - +1 dagger (flame)
rCold   . . .      Faith    .   (no shield)
rNeg    . . .      Spirit   .   b - +0 robe
rPois   .          Reflect  .   (helmet restricted)
rElec   .          Harm     .   (no cloak)
rCorr   +          Rampage  .   (gloves unavailable)
Will    .....                   (boots unavailable)
Stlth   ++........              (no amulet)
HPRegen 0.08/turn               i - ring of resist corrosion
MPRegen 0.10/turn               (no ring)

@: very quick
A: very small, no large weapons, unfitting armour, see invisible, speed 3
a: Renounce Religion, Depart the Abyss, Bend Space


You were on level 3 of the Dungeon.
You worshipped Lugonu.
Lugonu was pleased with you.
You visited 1 branch of the dungeon, and saw 3 of its levels.
You visited the Abyss 1 time.

You collected 89 gold pieces.

Inventory:

Hand Weapons
 d - a +1 dagger of flaming (weapon)
Armour
 b - a +0 robe (worn)
Jewellery
 i - a ring of resist corrosion (left hand)
Scrolls
 f - 2 scrolls of blinking {unknown}
 g - 2 scrolls of fog
 h - 3 scrolls of teleportation
Potions
 a - a potion of haste {unknown}
 c - a potion of curing
 e - a potion of invisibility


   Skills:
 + Level 3.0 Fighting
 * Level 4.0 Short Blades
 - Level 3.2 Dodging
 + Level 3.0 Stealth
 - Level 1.7 Invocations


You had 3 spell levels left.
You didn't know any spells.
Your spell library was empty.

Dungeon Overview and Level Annotations

Branches:
Dungeon (3/15)

Altars:

Annotations:
D:3 Robin


Innate Abilities, Weirdness & Mutations

You are very small and have problems with some larger weapons.
You are too small for most types of armour.
You have supernaturally acute eyesight. (SInv)
You cover ground extremely quickly. (Speed+++)


Message History

You barely miss Robin.
Robin is severely wounded.
You hit Robin but do no damage.
Robin is severely wounded.
Robin's horned helmet rattles.
Robin closely misses you.
You barely miss Robin.
Robin is heavily wounded.
Robin roars a battlecry!
The hobgoblin goes into a battle-frenzy!
You barely miss Robin.
Robin is heavily wounded.
Robin misses you.
You hit Robin but do no damage.
Robin is heavily wounded.
Robin closely misses you.
You barely miss Robin.
Robin is heavily wounded.
The hobgoblin hits you.
You hit Robin. You burn Robin.
Robin is almost dead.
Robin hits you with a +0 spear.
The hobgoblin hits you but does no damage.
You barely miss Robin.
Robin is almost dead.
Robin closely misses you.
You closely miss Robin.
Robin is almost dead.
The hobgoblin completely misses you. Robin barely misses you.
You hit Robin but do no damage.
Robin is almost dead.
The hobgoblin closely misses you. Robin hits you with a +0 spear.
* * * LOW HITPOINT WARNING * * *
You hit Robin but do no damage.
Robin is almost dead.
The hobgoblin barely misses you.
You hit Robin but do no damage.
Robin is almost dead.
Robin hits you but does no damage. The hobgoblin hits you!
You die...

+.........'....#...............
#.........####.#.....##########
#.........# #.#>..............
#.........# #.#.....#########.
#.........# #.#.....# #.
#.........# #.#####.# #.
#.........# #.#####.# #.
#.........####g#.....# #.
#...........##@#'##### #.
#.............g.....# ######.
#.............).....# #......
#...................# #......
######+###'.........#####......
..'.........'...'......
####.........#####......
...#..........).'.(....
#.##############......


You could see Robin (invisible) and a hobgoblin (strong).

Vanquished Creatures
  An adder (D:2)
  2 worms (D:2)
  4 dart slugs (D:2)
  3 orcs (D:3)
  4 bats
  4 endoplasms
  A giant cockroach (D:3)
  14 goblins
  11 hobgoblins
  8 ball pythons
  3 frilled lizards
  3 kobolds
  7 rats
65 creatures vanquished.

Vanquished Creatures (others)
  2 plants (D:1)
2 creatures vanquished.

Grand Total: 67 creatures vanquished

Notes
Turn   | Place    | Note
-------+----------+-------------------------------------------
     0 | Abyss:1  | rageheart7 the Spriggan Abyssal Knight began the quest for
                  | the Orb.
     0 | Abyss:1  | Reached XP level 1. HP: 11/11 MP: 3/3
     0 | D:1      | Escaped the Abyss
   302 | D:1      | Reached * piety under Lugonu
   361 | D:1      | Reached skill level 1 in Stealth
   366 | D:1      | Reached XP level 2. HP: 11/16 MP: 4/4
   777 | D:1      | Found a faded altar of an unknown god.
   961 | D:1      | Reached skill level 3 in Short Blades
   961 | D:1      | You fall into a shaft and drop 1 floor!
  1140 | D:2      | Reached XP level 3. HP: 17/19 MP: 5/5
  1788 | D:2      | Reached ** piety under Lugonu
  2420 | D:2      | Reached XP level 4. HP: 10/23 MP: 6/6
  2856 | D:3      | Noticed Robin
  3547 | D:3      | Reached skill level 4 in Short Blades
  3756 | D:3      | Slain by a hobgoblin

Illustrated notes

Levels and vault maps discovered:
D:1:      roderic_chinese_lattice_arrival, layout_loops_ring,
          chequers_ecumenical_altar_simple_redux, serial_bayou_lake_a
D:2:      layout_basic, serial_forest, infiniplex_forest_lined_ring,
          infiniplex_forest_zigzag_2, infiniplex_forest_clump_C,
          infiniplex_forest_end_double
D:3:      layout_basic, uniq_robin

Skill      XL: |  1  2  3  4 |
---------------+-------------+-----
Stealth        | 1 2 3 |  3.0
Short Blades   | 3 4 |  4.0
Fighting       | 3 |  3.0
Dodging        | |  3.2
Invocations    | |  1.7

Action                   |  1- 3 |  4- 6 || total
-------------------------+-------+-------++-------
Melee: Short sword       |   160 |    70 ||   230
       Punch             |     2 |     4 ||     6
       Dagger            |       |    32 ||    32
Invok: Depart the Abyss  |     1 |       ||     1
  Use: Potion            |     1 |     1 ||     2
       Scroll            |       |     3 ||     3
 Stab: Sleeping          |     3 |     1 ||     4
       Distracted        |     1 |       ||     1
Armor: Robe              |    11 |     6 ||    17
       Skin              |       |    17 ||    17
Dodge: Dodged            |   101 |    53 ||   154
